 Dungeon Crawl Stone Soup version 0.16.1-5-gaa23807 (webtiles) character file.

47 Radiman the Chopper (level 3, -1/31 HPs)
             Began as a Centaur Fighter on Mar 28, 2015.
             Slain by a hobgoblin (5 damage)
             ... led by Robin
             ... on level 3 of the Dungeon.
             The game lasted 00:08:09 (1810 turns).

Radiman the Chopper (Centaur Fighter)               Turns: 1810, Time: 00:08:15

Health: -1/31      AC:  8    Str: 19    XL:     3   Next: 48%
Magic:  3/3        EV:  5    Int:  7    God:
Gold:   95         SH:  7    Dex:  8    Spells: 0 memorised, 2 levels left

rFire  . . .     SeeInvis .     t - +2 flail (drain)
rCold  . . .     Clarity  .     b - +0 scale mail
rNeg   + . .     SustAb   .     c - +0 shield
rPois  .         Gourm    .     p - +1 hat
rElec  .         Spirit   .     (no cloak)
rCorr  .         Warding  .     k - +0 pair of gloves
rMut   .         Stasis   .     (no barding)
MR     .....                    (no amulet)
Stlth  ..........               (no ring)
                                s - ring of positive energy

@: drained, very quick, not resistant to hostile enchantments, extremely
unstealthy
A: hooves 3, deformed body, speed 2, tough skin 3
a: no special abilities


You were on level 3 of the Dungeon.
You were hungry.

You visited 1 branch of the dungeon, and saw 3 of its levels.

You collected 95 gold pieces.

Inventory:

Hand weapons
 t - a +2 flail of draining (weapon)
Armour
 b - a +0 scale mail (worn)
 c - a +0 shield (worn)
 k - a +0 pair of gloves (worn)
 p - a +1 hat (worn)
Jewellery
 l - an uncursed amulet of regeneration
 s - a ring of positive energy (left hand)
Scrolls
 h - a scroll of remove curse
 m - a scroll of teleportation
 q - a scroll of magic mapping {unknown}
 r - a scroll of fog {unknown}
Potions
 a - a potion of magic {unknown}
 e - 2 potions of might
 f - a potion of agility
 i - a potion of restore abilities
 n - a potion of invisibility
 o - a potion of curing
Comestibles
 d - 2 bread rations
 g - 2 slices of pizza
 j - a meat ration
 u - a chunk of flesh


   Skills:
 - Level 3.0(2.3) Fighting
   Level 3.1(2.5) Axes
 * Level 1.0(1.5) Maces & Flails
 - Level 2.1(1.5) Armour
 - Level 0.4(0.0) Dodging
 - Level 2.1(1.5) Shields


You had 2 spell levels left.
You didn't know any spells.

Dungeon Overview and Level Annotations

Branches:
Dungeon (3/15)

Altars:

Annotations:
D:3 Robin


Innate Abilities, Weirdness & Mutations

You have hooves in place of feet.
Armour fits poorly on your strangely shaped body.
You cover ground very quickly.
You have extremely tough skin (AC +3).


Message History

The kobold hits you. Robin hits you but does no damage.
You block the goblin's attack. You block the kobold's attack.
You hit the goblin.
You kill the goblin!
Your Maces & Flails skill increases to level 1!
You block Robin's attack. The kobold hits you but does no damage.
The hobgoblin hits you but does no damage.
You barely miss the kobold. You kick the kobold.
The kobold is moderately wounded.
Robin hits you from afar with a trident.
You block the kobold's attack.
The hobgoblin hits you but does no damage.
Robin hits you but does no damage. The kobold hits you but does no damage.
You hit the kobold.
You kill the kobold!
You block the hobgoblin's attack.
Robin hits you from afar with a trident!
* * * LOW HITPOINT WARNING * * *
The hobgoblin hits you.
You die...

#######.#.# #.......#.#
#.......(.) #.......### ###
#........#
###.##########........##
#>....................+.
###...#.###.............##
#(.....g)@g...............
#######..#####...............
#.......†# #..........?..##
#........# #.............#
#.......g# ###############
......gg###### .......g.....#
......#......# .....#....g.#
.


You could see Robin and a hobgoblin (frenzied).

Vanquished Creatures
  Terence (D:3)
  A giant gecko (D:1)
  3 bats
  8 goblins
  6 hobgoblins
  3 kobolds
  A ball python (D:1)
  A giant cockroach (D:1)
  6 giant newts
  A rat (D:2)
31 creatures vanquished.

Notes
Turn   | Place    | Note
--------------------------------------------------------------
     0 | D:1      | Radiman, the Centaur Fighter, began the quest for the Orb.
     0 | D:1      | Reached XP level 1. HP: 19/19 MP: 1/1
   384 | D:1      | Reached XP level 2. HP: 23/26 MP: 2/2
   853 | D:1      | You fall through a shaft!
  1506 | D:2      | You fall through a shaft!
  1658 | D:3      | Noticed Terence
  1683 | D:3      | Killed Terence
  1683 | D:3      | Reached XP level 3. HP: 20/31 MP: 3/3
  1764 | D:3      | Noticed Robin
  1808 | D:3      | Reached skill level 1 in Maces & Flails
  1810 | D:3      | Slain by a hobgoblin

Action                   || total
-------------------------++-------
Melee: War axe           ||    75
       Flail             ||    35
  Use: Scroll            ||    10
  Eat: Chunk             ||     1
